 Dungeon Crawl Stone Soup version bcrawl-1.15 (webtiles) character file.

Game seed: 6782910032063991281

111786 MordorOrchid the Peltast (level 16, 0/106 HPs)
             Began as a Fairy Fighter on Sept 21, 2019.
             Was the Champion of Okawaru.
             Slain by a hornet (13 damage)
             ... created by a shambling mangrove
             ... on level 3 of the Swamp on Sept 22, 2019.
             The game lasted 02:42:47 (22082 turns).

MordorOrchid the Peltast (Fairy Fighter)           Turns: 22082, Time: 02:42:48

Health: 0/106      AC: 15    Str: 15    XL:     16   Next: 58%
Magic:  6/27       EV: 21    Int: 31    God:    Okawaru [******]
Gold:   1195       SH: 28    Dex: 13    Spells: 6/27 levels left

rFire    . . .     SeeInvis .   a - +3 demon blade of Gravity {flame, rPois Dex+3}
rCold    + + +     Gourm    .   w - +2 shield
rNeg     . . .     Faith    .   (armour unavailable)
rPois    +         Spirit   .   Q - +2 hat of the Morning {rC+ Int+7 Dex-3 Slay+2}
rElec    .         Reflect  .   M - +2 cloak "Icak" {rC+ MR+ Stlth+}
rCorr    .         Harm     .   K - +0 pair of gloves
MR       ++...                  z - +0 pair of boots {Stlth++}
Stlth    +.........             I - amulet of Foitt {RegenMP Int+7}
HPRegen  0.27/turn              Z - ring of wizardry
MPRegen  0.45/turn              L - ring of protection from cold

@: grasped by roots, flying evasively, very slightly contaminated, slowed,
constricted, very slow
A: small, magic attunement, unstealthy, unfitting armour, able to fly, AC/SH +8
a: Stop Flying, Heroism, Finesse, Renounce Religion


You were on level 3 of the Swamp.
You worshipped Okawaru.
Okawaru was exalted by your worship.
You were hungry.

You visited 4 branches of the dungeon, and saw 22 of its levels.
You also visited: Gauntlet and Ice Cave.

You collected 2370 gold pieces.
You spent 1175 gold pieces at shops.

Inventory:

Hand Weapons
 a - the +3 demon blade of Gravity (weapon) {flame, rPois Dex+3}
   (Okawaru gifted it to you on level 6 of the Lair of Beasts)

   It has been specially enchanted to burn those struck by it, causing extra
   injury to most foes and up to half again as much damage against particularly
   susceptible opponents.
   Big, fiery blades are also staple armaments of hydra-hunters.
   It affects your dexterity (+3).
   It protects you from poison.
 b - a +0 blowgun
 k - a +3 falchion of slicing
 p - a +5 scimitar of venom
Missiles
 h - 184 poisoned tomahawks
 i - 875 tomahawks (quivered)
 j - 28 curare-tipped needles
 m - a throwing net {!f}
 o - 49 needles of confusion
 v - 192 tomahawks of dispersal
 E - 774 arrows
 H - 463 exploding tomahawks
Armour
 w - a +2 shield (worn)
 z - a +0 pair of boots of stealth (worn)
 C - the +1 helmet of the Special Queens {+Fly rN+ Int+2, unknown}
   (You found it on level 1 of the Swamp)

   It affects your intelligence (+2).
   It protects you from negative energy.
   It lets you fly.
 K - a +0 pair of gloves (worn)
 M - the +2 cloak "Icak" (worn) {rC+ MR+ Stlth+}
   (You found it in a Gauntlet)

   It protects you from cold.
   It affects your resistance to hostile enchantments.
   It makes you more stealthy.
 Q - the +2 hat of the Morning (worn) {rC+ Int+7 Dex-3 Slay+2}
   (Okawaru gifted it to you on level 10 of the Dungeon)

   It affects your intelligence (+7).
   It affects your dexterity (-3).
   It affects your accuracy and damage with ranged weapons and melee attacks
   (+2).
   It protects you from cold.
Jewellery
 r - an uncursed ring of fire
 B - an uncursed amulet of magic regeneration {unknown}
 D - an uncursed ring of insulation
 F - an uncursed amulet of the acrobat
 I - the amulet of Foitt (around neck) {RegenMP Int+7}
   (You found it in an ice cave)

   [amulet of magic regeneration]

   It increases your magic regeneration.
   It affects your intelligence (+7).
 L - a ring of protection from cold (right hand)
 W - a +2 amulet of reflection
 Z - a ring of wizardry (left hand)
Wands
 e - a wand of paralysis (13)
 f - a wand of polymorph (30)
 g - a wand of iceblast (17)
 s - a wand of enslavement (7)
 u - a wand of flame (22)
 S - a wand of disintegration (15)
 T - a wand of digging (9)
Scrolls
 l - a scroll of magic mapping
 t - 2 scrolls of teleportation
 x - 12 scrolls of remove curse
 y - 3 scrolls of blinking
 A - 5 scrolls of immolation
 N - 2 scrolls of fog
 O - 4 scrolls of fear
 R - a scroll of vulnerability {unknown}
 U - a scroll of summoning
Potions
 c - 3 potions of magic
 n - 8 potions of curing
 J - a potion of lignification
 P - a potion of invisibility
 X - 2 potions of brilliance
 Y - a potion of resistance
Comestibles
 d - 33 rations {!d}
 G - 7 chunks of flesh


   Skills:
 * Level 8.5 Fighting
 + Level 13.6 Long Blades
 * Level 4.5 Throwing
 - Level 12.5 Dodging
 * Level 17.0 Shields
 - Level 6.0 Spellcasting
 * Level 1.9 Hexes
 - Level 2.0 Charms
 * Level 7.5 Summonings
 - Level 4.0 Necromancy
 - Level 4.0 Transmutations
 - Level 5.2 Ice Magic
 - Level 6.0 Invocations
 - Level 6.0 Evocations


You had 6 spell levels left.
You knew the following spells:

 Your Spells              Type           Power        Failure   Level  Hunger
a - Sticks to Snakes      Tmut           ####....     1%          2    None
c - Call Canine Familiar  Summ           ######..     1%          3    None
e - Spectral Weapon       Hex/Chrm       ###.....     4%          3    None
k - Regeneration          Chrm/Necr      ####......   2%          3    None
s - Summon Ice Beast      Ice/Summ       #####...     1%          4    None
S - Summon Hydra          Summ           ######....   19%         6    None

Your spell library contained the following spells:

 Spells                   Type           Power        Failure   Level  Hunger
 Beastly Appendage        Tmut           ####..       1%          1    None
 Infusion                 Chrm           ###.....     1%          1    None
 Summon Butterflies       Summ           ######..     1%          1    None
 Song of Slaying          Chrm           ###.....     1%          2    None
 Ozocubu's Armour         Chrm/Ice       ####....     1%          3    None
 Apportation              Tloc           #.....       2%          1    None
 Spider Form              Tmut/Pois      ###          3%          3    None
 Poisonous Vapours        Pois/Air       #.....       4%          2    None
 Confuse                  Hex            ###.....     4%          3    None
 Tukima's Dance           Hex            ###.....     4%          3    None
 Ice Form                 Ice/Tmut       #####...     4%          4    None
 Dazzling Spray           Conj/Hex       ###...       6%          3    None
 Beckoning                Tloc           #.........   9%          3    None
 Yara's Violent Unravell  Hex/Tmut       ####......   9%          4    None
 Petrify                  Tmut/Erth      ###.....     12%         4    None
 Summon Mana Viper        Hex/Summ       #####...     12%         5    None
 Blade Hands              Tmut           ####......   16%         5    None
 Metabolic Englaciation   Hex/Ice        ####......   17%         5    None
 Olgreb's Toxic Radiance  Pois           #.......     26%         4    None
 Alistair's Intoxication  Tmut/Pois      ###.....     32%         5    None
 Ozocubu's Refrigeration  Ice            #####.....   43%         6    None
 Simulacrum               Ice/Necr       #####.....   52%         6    None
 Bolt of Cold             Conj/Ice       ####......   78%         6    None
 Freezing Cloud           Ice/Air        ####......   78%         6    None
 Invisibility             Hex            ###.....     86%         6    None
 Poison Arrow             Conj/Pois      #.........   98%         6    None
 Mana Rupture             Conj/Hex       ###.......   100%        7    None
 Necromutation            Tmut/Necr      ####....     100%        8    None


Dungeon Overview and Level Annotations

Branches:
Dungeon (12/12)            Temple (0/1) D:7            Lair (6/6) D:7
  Swamp (3/3) Lair:3       Spider (0/3) Lair:3        Slime (0/5) Lair:5
    Orc (1/1) D:11            Elf (0/3) Orc          Vaults (0/3) D:11
 Depths (0/5) D:12

Altars:
Ashenzari
Cheibriados
Gozag
Kikubaaqudgha
Nemelex Xobeh
Okawaru
Trog
Wu Jian
Xom
The Shining One
Beogh

Shops:
D:6 (   D:12 !   Orc (%*?

Annotations:
D:11 exclusions: obsidian statue and orange crystal statue
D:12 3 runed translucent doors, Tutankhamun's ghost, journeyman FoAc


Innate Abilities, Weirdness & Mutations

Your spells do not cause hunger and MP costs are reduced by 1.
Your bright wings attract enemies. (Stealth-)
You cannot fit into any form of body armour.
Your shimmering scales are hard and can block incoming attacks. (AC +8, SH +8)
You are small and have problems with some larger weapons.
You can fly continuously.


Message History

The grasping roots constrict you.
The roots' grasp on you weakens, but your attempt to escape fails.
Your skin stops crawling.
The swamp dragon roars deafeningly!
You hear a roar! x2
You block the hornet's attack. x2
The hornet stings you but does no damage.
You feel much better.
You block the shambling mangrove's attack.
* * * LOW HITPOINT WARNING * * *
The grasping roots constrict you. The hornet stings you.
* * * LOW HITPOINT WARNING * * *
You feel yourself slow down. You block the hornet's attack.
The hornet completely misses you.
Casting: Summon Hydra (quite dangerous; 19% risk of failure)
Confirm with . or Enter, or press ? or * to list all spells.
A seven-headed hydra appears.
You block the hornet's attack. x2
The hornet closely misses you. You block the hornet's attack.
The shambling mangrove barely misses you.
The grasping roots constrict you. The hornet stings you!
You die...

♣.≈≈≈≈≈.≈.≈ ≈≈≈≈.....
≈≈.≈≈≈≈≈.≈.♣♣.≈≈≈≈≈≈..
≈≈≈≈≈≈.≈..≈.♣♣...≈≈≈≈♣
≈≈≈≈≈≈.♣..≈♣≈..≈≈...≈♣
.≈≈§≈≈≈....≈..≈≈§..♣
♣≈....≈...≈≈.<≈≈≈.≈♣
♣.≈≈≈♣.D≈D≈≈÷...♣♣♣
♣fyy.♣♣♣♣..≈≈.♣ ♣.@y.♣
≈≈.≈≈≈≈♣ ♣♣..♣♣
♣♣♣≈≈≈≈≈♣ ♣♣.†)[♣
≈≈≈...♣ ♣♣≈.≈[♣♣
≈.♣≈≈≈≈ ♣♣≈.≈≈.♣
≈.♣.≈≈♣ ♣♣.≈≈≈≈†♣ ♣..
### ♣.≈≈≈≈≈.♣♣♣♣
.≈.≈≈≈≈≈[...≈♣
♣≈≈≈♣.≈≈.♣...DkDD≈#


You could see a shambling mangrove, a swamp dragon, 3 hornets and a friendly
seven-headed hydra.

Vanquished Creatures
  Gastronok (Lair:2)
  A tentacled monstrosity (Swamp:3)
  A shadow dragon (Orc)
  A ghost moth (D:12)
  A dire elephant (Gauntlet)
  An ettin (Orc)
  A fire dragon (Lair:6)
  A green death (Gauntlet)
  An ogre mage (D:12)
  13 hydras
  A shambling mangrove (Swamp:1)
  4 centaur warriors (D:12)
  4 two-headed ogres
  2 anacondas (Lair:6)
  9 alligators
  A death yak (IceCv)
  4 orc high priests (Orc)
  4 wizards
  2 unseen horrors
  3 swamp dragons
  5 cyclopes
  4 orc knights (Orc)
  A deep elf mage (D:12)
  2 wolf spiders
  3 manticores
  3 orc sorcerers (Orc)
  3 ugly things
  3 elephants (Gauntlet)
  9 black mambas
  2 molten gargoyles (Lair:6)
  An ice statue (IceCv)
  A naga mage (D:12)
  A gargoyle (D:11)
  3 minotaur zombies (Gauntlet)
  4 centaur skeletons
  2 orange demons (Gauntlet)
  10 cane toads
  12 rime drakes
  A yaktaur (D:7)
  8 komodo dragons
  19 polar bears
  6 trolls
  2 hornets
  3 tyrant leeches
  10 blink frogs
  4 bog bodies
  11 dream sheep
  9 slime creatures
  2 hippogriffs
  2 shadows
  2 spriggans
  3 wyverns (Lair:6)
  2 basilisks
  4 fire bats (Lair:5)
  42 yaks
  4 vampire mosquitoes
  A hungry ghost (D:7)
  5 wargs (Orc)
  A steam dragon (Lair:6)
  3 swamp worms
  12 insubstantial wisps
  3 hell hounds (Lair:6)
  5 porcupines
  33 orc warriors
  3 swamp drakes
  3 sky beasts
  13 water moccasins
  4 ice beasts
  6 necrophages
  2 eyes of draining
  18 ogres
  A phantom (D:6)
  13 centaurs
  26 wolves
  7 crocodiles
  5 big kobolds
  A gnoll sergeant (D:11)
  10 bullfrogs
  5 killer bees (D:7)
  4 howler monkeys
  An electric eel (Lair:5)
  6 lava snakes
  A bullfrog zombie (D:5)
  4 crimson imps
  2 centaur zombies
  5 jellies
  7 hounds
  26 orc priests
  A quasit (D:8)
  Crazy Yiuf (D:7)
  7 orc wizards
  An iguana (D:12)
  6 hell rats (Lair:5)
  5 worker ants
  A killer bee zombie (D:7)
  A hound skeleton (D:9)
  2 worker ant zombies
  3 gnolls (D:11)
  10 adders
  A howler monkey skeleton (D:4)
  A shadow imp (D:12)
  6 oozes
  6 worms
  2 dart slugs
  4 leopard geckos
  62 orcs
  4 bats
  3 giant cockroaches
  4 goblins
  8 hobgoblins
  11 jackals
  13 kobolds
  3 quokkas
  2 ball pythons
  4 frilled lizards
  A leopard gecko zombie (D:5)
  2 quokka skeletons
  10 rats
  A plant (Lair:6)
681 creatures vanquished.

Vanquished Creatures (collateral kills)
  A frost giant (IceCv)
  Louise (Swamp:2)
  2 hydras (Swamp:3)
  A ghost crab (Swamp:2)
  3 alligators (Swamp:1)
  A spriggan druid (Swamp:1)
  2 swamp dragons (Swamp:3)
  A wizard (D:12)
  5 slime creatures (Swamp:1)
  2 black mambas (Lair:6)
  2 cane toads
  A rime drake (Lair:1)
  A komodo dragon (Lair:6)
  A tyrant leech (Swamp:1)
  2 hornets (Swamp:1)
  2 blink frogs
  3 dream sheep (Lair:4)
  A wyvern (Lair:6)
  5 yaks (Lair:1)
  A basilisk (Lair:6)
  5 swamp worms
  2 swamp drakes
  5 wolves
  A lava snake (Lair:6)
  5 orcs (Orc)
  A fungus (Lair:4)
  2 plants
59 creatures vanquished.

Vanquished Creatures (others)
  A minotaur (Gauntlet)
  A hydra (Lair:6)
  A molten gargoyle (Lair:6)
  A polar bear (IceCv)
  A bog body (Lair:3)
  A hell hound (Lair:6)
  2 wolves (IceCv)
  4 orcs (Orc)
  8 fungi
  5 plants
  2 spectral weapons (Swamp:3)
27 creatures vanquished.

Grand Total: 767 creatures vanquished

Notes
Turn   | Place    | Note
-------+----------+-------------------------------------------
     0 | D:1      | MordorOrchid the Fairy Fighter began the quest for the Orb.
     0 | D:1      | Reached XP level 1. HP: 15/15 MP: 3/3
   140 | D:1      | Reached XP level 2. HP: 15/20 MP: 4/4
   381 | D:1      | Reached skill level 4 in Shields
   398 | D:1      | Reached XP level 3. HP: 18/25 MP: 5/5
  1240 | D:2      | Found an ornate altar of the Wu Jian Council.
  1245 | D:2      | Found an iron altar of Okawaru.
  1248 | D:2      | Found a shimmering altar of Xom.
  1274 | D:2      | Became a worshipper of Warmaster Okawaru
  1610 | D:2      | Reached XP level 4. HP: 31/31 MP: 6/6
  2048 | D:3      | Found a snail-covered altar of Cheibriados.
  2257 | D:3      | Reached XP level 5. HP: 36/36 MP: 7/7
  2295 | D:3      | Reached skill level 1 in Throwing
  2422 | D:3      | Found a glowing golden altar of the Shining One.
  2568 | D:3      | Found an ancient bone altar of Kikubaaqudgha.
  2723 | D:3      | Reached skill level 5 in Shields
  2723 | D:3      | Reached XP level 6. HP: 28/42 MP: 8/8
  2815 | D:4      | Reached * piety under Okawaru
  2959 | D:4      | Reached XP level 7. HP: 46/46 MP: 9/9
  3263 | D:4      | Reached skill level 5 in Long Blades
  3319 | D:5      | Entered Level 5 of the Dungeon
  3419 | D:5      | Reached skill level 6 in Shields
  3680 | D:5      | Reached skill level 1 in Invocations
  3731 | D:5      | Reached ** piety under Okawaru
  3784 | D:5      | Reached XP level 8. HP: 52/52 MP: 9/11
  4287 | D:6      | Found an opulent altar of Gozag.
  4355 | D:6      | Found Haview's Antique Weapon Shoppe.
  4480 | D:6      | Reached skill level 7 in Shields
  4483 | D:6      | Found a sparkling altar of Nemelex Xobeh.
  4861 | D:7      | Found a runed door.
  4865 | D:7      | Noticed Crazy Yiuf
  4872 | D:7      | Killed Crazy Yiuf
  4872 | D:7      | Reached *** piety under Okawaru
  4942 | D:7      | Noticed a hippogriff
  4958 | D:7      | Reached XP level 9. HP: 56/56 MP: 13/13
  5041 | D:7      | Noticed a yaktaur
  5055 | D:7      | Killed a yaktaur
  5055 | D:7      | Reached skill level 8 in Shields
  5061 | D:7      | Received a gift from Okawaru
  5063 | D:7      | Found a staircase to the Lair.
  5174 | D:7      | Found a bloodstained altar of Trog.
  5454 | D:7      | Reached **** piety under Okawaru
  5642 | D:7      | Found a staircase to the Ecumenical Temple.
  5690 | D:7      | Paralysed by fainting for 8 turns
  5875 | D:8      | Reached skill level 9 in Shields
  5888 | D:8      | Noticed a brown ugly thing
  5901 | D:8      | Killed a brown ugly thing
  5901 | D:8      | Received a gift from Okawaru
  5901 | D:8      | Reached XP level 10. HP: 49/65 MP: 12/15
  6066 | D:8      | Learned a level 2 spell: Sticks to Snakes
  6537 | D:9      | Found a snail-covered altar of Cheibriados.
  6555 | D:9      | Reached skill level 1 in Spellcasting
  6568 | D:9      | Reached skill level 1 in Transmutations
  6580 | D:9      | Reached ***** piety under Okawaru
  6595 | D:9      | Reached skill level 5 in Invocations
  6608 | D:9      | Found a shattered altar of Ashenzari.
  6715 | D:9      | Reached skill level 5 in Dodging
  6752 | D:9      | Killed an unseen horror
  6752 | D:9      | Received a gift from Okawaru
  6752 | D:9      | Reached skill level 5 in Fighting
  6752 | D:9      | Reached skill level 10 in Shields
  7094 | D:10     | Entered Level 10 of the Dungeon
  7211 | D:10     | Reached XP level 11. HP: 71/71 MP: 17/17
  7521 | D:10     | Noticed a manticore
  7536 | D:10     | Killed a manticore
  7584 | D:10     | Noticed a cyclops
  7600 | D:10     | Killed a cyclops
  7636 | D:10     | Noticed a red ugly thing
  7651 | D:10     | Killed a red ugly thing
  7651 | D:10     | Received a gift from Okawaru
  7652 | D:10     | Got a twisted hat {god gift}
  7663 | D:10     | Identified the +2 hat of the Morning {rC+ Int+7 Dex-3
                  | Slay+2} (Okawaru gifted it to you on level 10 of the
                  | Dungeon)
  7682 | D:10     | Noticed a manticore
  7694 | D:10     | Killed a manticore
  7937 | D:11     | Noticed a cyclops
  7949 | D:11     | Killed a cyclops
  8203 | D:11     | Noticed a cyclops
  8217 | D:11     | Found a staircase to the Orcish Mines.
  8237 | D:11     | Killed a cyclops
  8259 | D:11     | Reached skill level 10 in Long Blades
  8326 | D:11     | Noticed a green ugly thing
  8334 | D:11     | Killed a green ugly thing
  8406 | D:11     | Noticed a two-headed ogre
  8416 | D:11     | Killed a two-headed ogre
  8416 | D:11     | Reached skill level 11 in Shields
  8433 | D:11     | Found a gate to the Vaults.
  8433 | D:11     | Noticed a wizard
  8434 | D:11     | Noticed a wizard
  8439 | D:11     | Killed a wizard
  8439 | D:11     | Reached XP level 12. HP: 59/77 MP: 15/21
  8444 | D:11     | Reached skill level 5 in Spellcasting
  8493 | D:11     | Noticed a sun demon
  8698 | D:12     | Entered Level 12 of the Dungeon
  8702 | D:12     | Noticed a centaur warrior
  8739 | D:12     | Received a gift from Okawaru
  8925 | D:12     | Killed a centaur warrior
  8982 | D:12     | Reached skill level 1 in Evocations
  9093 | D:12     | Noticed a centaur warrior
  9116 | D:12     | Killed a centaur warrior
  9116 | D:12     | Received a gift from Okawaru
  9151 | D:12     | Noticed Tutankhamun's ghost (journeyman FoAc)
  9151 | D:12     | Noticed an ice dragon
  9222 | D:12     | Found Gugut's Distillery.
  9226 | D:12     | Bought a potion of heal wounds for 85 gold pieces
  9226 | D:12     | Bought a potion of heal wounds for 85 gold pieces
  9226 | D:12     | Bought a potion of heal wounds for 85 gold pieces
  9226 | D:12     | Bought a potion of haste for 170 gold pieces
  9226 | D:12     | Bought a potion of curing for 51 gold pieces
  9226 | D:12     | Bought a potion of curing for 51 gold pieces
  9283 | D:12     | Noticed a two-headed ogre
  9319 | D:12     | Killed a two-headed ogre
  9371 | D:12     | Noticed a two-headed ogre
  9372 | D:12     | Noticed an ogre mage
  9391 | D:12     | Killed an ogre mage
  9391 | D:12     | Received a gift from Okawaru
  9391 | D:12     | Reached ****** piety under Okawaru
  9398 | D:12     | Killed a two-headed ogre
  9577 | D:12     | Found a runed translucent gate.
  9578 | D:12     | Found a runed translucent gate.
  9581 | D:12     | Found a runed translucent gate.
  9657 | D:12     | Found a staircase to the Depths.
  9723 | D:12     | Noticed a centaur warrior
  9732 | D:12     | Reached skill level 12 in Shields
  9746 | D:12     | Killed a centaur warrior
  9746 | D:12     | Reached XP level 13. HP: 47/83 MP: 22/22
 10031 | D:12     | Killed a ghost moth
 10093 | D:12     | Reached skill level 10 in Dodging
 10268 | Orc      | Entered the Orcish Mines
 11229 | Orc      | Received a gift from Okawaru
 11245 | Orc      | Found a staircase to the Elven Halls.
 11538 | Orc      | Noticed Saint Roka
 11608 | Orc      | Found Heyriz's General Store.
 11612 | Orc      | Found Calui's Magic Scroll Emporium.
 11629 | Orc      | Received a gift from Okawaru
 11652 | Orc      | Bought a scroll of teleportation for 54 gold pieces
 11657 | Orc      | Noticed an ettin
 11669 | Orc      | Killed an ettin
 11709 | Orc      | Found a roughly hewn altar of Beogh.
 12120 | Orc      | Reached skill level 5 in Evocations
 12357 | Orc      | Noticed Saint Roka
 12357 | Orc      | Saint Roka changed into Saint Roka the shadow dragon
 12469 | D:12     | Bought a potion of lignification for 51 gold pieces
 12469 | D:12     | Bought a potion of agility for 68 gold pieces
 12570 | Orc      | Killed Saint Roka the shadow dragon
 12570 | Orc      | Received a gift from Okawaru
 13141 | Orc      | Found a roughly hewn altar of Beogh.
 13178 | Orc      | Found Cujurchi's Food Boutique.
 13221 | Orc      | Found Uwkifyd's Weapon Emporium.
 13225 | Orc      | Reached XP level 14. HP: 31/92 MP: 20/23
 13324 | Orc      | Bought a scroll of immolation for 52 gold pieces
 13334 | Orc      | Bought 2 scrolls of fear for 126 gold pieces
 13334 | Orc      | Bought a scroll of remove curse for 54 gold pieces
 13334 | Orc      | Bought a scroll of identify for 36 gold pieces
 13334 | Orc      | Bought a scroll of identify for 36 gold pieces
 13336 | Orc      | Bought 3 scrolls of identify for 108 gold pieces
 13338 | Orc      | Bought a scroll of magic mapping for 63 gold pieces
 13480 | Lair:1   | Entered Level 1 of the Lair of Beasts
 13583 | Lair:1   | Reached skill level 13 in Shields
 13877 | Lair:1   | Received a gift from Okawaru
 14046 | Lair:2   | Noticed Gastronok
 14072 | Lair:2   | Killed Gastronok
 14658 | Lair:3   | Found a staircase to the Swamp.
 14828 | Lair:3   | Received a gift from Okawaru
 14829 | Lair:3   | Got a heavily runed hat {god gift}
 14830 | Lair:3   | Identified the -4 hat of the Enchanted Forest {MR- Regen+
                  | Str+7 Int+2} (Okawaru gifted it to you on level 3 of the
                  | Lair of Beasts)
 14841 | Lair:3   | Learned a level 3 spell: Call Canine Familiar
 15013 | Lair:3   | Found a hole to the Spider Nest.
 15255 | Lair:3   | Reached skill level 1 in Summonings
 15541 | Lair:4   | Found a frozen archway.
 15575 | Lair:4   | Upgraded the game from bcrawl-1.14.2-1-gc900083943 to
                  | bcrawl-1.15
 15576 | IceCv    | Entered an ice cave
 16567 | IceCv    | Got a warped pewter amulet
 16568 | IceCv    | Identified the amulet of Foitt {RegenMP Int+7} (You found
                  | it in an ice cave)
 16941 | IceCv    | Noticed a frost giant
 17418 | IceCv    | Learned a level 6 spell: Summon Hydra
 17462 | IceCv    | Reached skill level 14 in Shields
 17520 | IceCv    | Killed a frost giant
 17520 | IceCv    | Received a gift from Okawaru
 17520 | IceCv    | Reached XP level 15. HP: 71/99 MP: 4/26
 17521 | IceCv    | Got a translucent short sword {god gift}
 17546 | IceCv    | Identified the Disquisition on Cankerous Dark Rites
 17561 | IceCv    | Identified the +8 short sword of Insufficient Pleasure
                  | {holy, *Drain rElec rF+} (Okawaru gifted it to you in an
                  | ice cave)
 17571 | IceCv    | Learned a level 4 spell: Summon Ice Beast
 17735 | Lair:4   | Reached skill level 1 in Ice Magic
 17919 | Lair:5   | Learned a level 3 spell: Regeneration
 18008 | Lair:5   | Reached skill level 1 in Necromancy
 18040 | Lair:5   | Reached skill level 1 in Charms
 18172 | Lair:5   | Found a gate leading to a gauntlet.
 18181 | Gauntlet | Entered a Gauntlet
 18181 | Gauntlet | Found a transporter.
 18181 | Gauntlet | Found a transporter.
 18196 | Gauntlet | Found a transporter.
 18200 | Gauntlet | Found a transporter.
 18212 | Gauntlet | Found a transporter.
 18216 | Gauntlet | Found a transporter.
 18230 | Gauntlet | Found a transporter.
 18249 | Gauntlet | Found a transporter.
 18252 | Gauntlet | Found a transporter.
 18256 | Gauntlet | Found a transporter.
 18308 | Gauntlet | Found a transporter.
 18312 | Gauntlet | Found a transporter.
 18389 | Gauntlet | Got a spiked cloak
 18433 | Gauntlet | Identified the +2 cloak "Icak" {rC+ MR+ Stlth+} (You found
                  | it in a Gauntlet)
 18492 | Gauntlet | Received a gift from Okawaru
 18721 | Gauntlet | Reached skill level 15 in Shields
 18996 | Lair:5   | Found a staircase to the Slime Pits.
 19222 | Lair:6   | Entered Level 6 of the Lair of Beasts
 19399 | Lair:6   | Reached skill level 5 in Summonings
 19737 | Lair:6   | Received a gift from Okawaru
 19737 | Lair:6   | Reached skill level 16 in Shields
 19800 | Lair:6   | Got a dazzling demon blade {god gift}
 19822 | Lair:6   | Found a large runed door.
 19822 | Lair:6   | Found a large runed door.
 19839 | Lair:6   | Reached skill level 5 in Ice Magic
 20192 | Lair:6   | Identified the +3 demon blade of Gravity {flame, rPois
                  | Dex+3} (Okawaru gifted it to you on level 6 of the Lair of
                  | Beasts)
 20325 | Swamp:1  | Entered Level 1 of the Swamp
 20338 | Swamp:1  | Reached XP level 16. HP: 105/105 MP: 22/27
 20519 | Swamp:1  | HP: 4/105 [alligator[a spriggan druid] (33)]
 20980 | Swamp:1  | Received a gift from Okawaru
 21060 | Swamp:1  | Got an encrusted helmet
 21093 | Swamp:1  | Learned a level 3 spell: Spectral Weapon
 21095 | Swamp:2  | Noticed Louise
 21635 | Swamp:2  | Received a gift from Okawaru
 21635 | Swamp:2  | Reached skill level 1 in Hexes
 21693 | Swamp:2  | Killed Louise
 21902 | Swamp:3  | Entered Level 3 of the Swamp
 22036 | Swamp:3  | Noticed a tentacled monstrosity
 22066 | Swamp:3  | Reached skill level 17 in Shields
 22072 | Swamp:3  | Killed a tentacled monstrosity
 22072 | Swamp:3  | Received a gift from Okawaru
 22079 | Swamp:3  | HP: 5/106 [shambling mangrove (6)]
 22082 | Swamp:3  | Slain by a hornet

Skill      XL: |  1  2  3  4  5  6  7  8  9 10 11 12 13 14 15 16 |
---------------+-------------------------------------------------+-----
Long Blades    | 2 3 4 5 7 8 10 11 12 13 | 13.6
Shields        | 4 5 6 7 9 10 11 12 14 16 17 | 17.0
Fighting       | 3 4 5 6 7 8 |  8.5
Throwing       | 1 2 3 4 |  4.5
Invocations    | 1 2 4 5 6 |  6.0
Spellcasting   | 3 4 5 6 |  6.0
Transmutations | 2 4 |  4.0
Dodging        | 6 7 9 11 12 | 12.5
Evocations     | 3 5 6 |  6.0
Summonings     | 2 5 7 |  7.5
Ice Magic      | 5 |  5.2
Necromancy     | 4 |  4.0
Charms         | 2 |  2.0
Hexes          | 1 |  1.9

Action                   |  1- 3 |  4- 6 |  7- 9 | 10-12 | 13-15 | 16-18 || total
-------------------------+-------+-------+-------+-------+-------+-------++-------
Melee: Long sword        |   193 |   205 |   411 |   155 |   953 |       ||  1917
       Scimitar          |       |       |       |   321 |   850 |       ||  1171
       Falchion          |       |       |       |       |    62 |       ||    62
       Short sword       |       |       |       |       |    10 |       ||    10
       Demon blade       |       |       |       |       |     5 |   338 ||   343
Throw: Tomahawk          |    10 |    13 |    41 |   111 |   310 |     9 ||   494
 Cast: Sticks to Snakes  |       |       |       |    31 |   111 |       ||   142
       Summon Hydra      |       |       |       |       |     2 |     5 ||     7
       Call Canine Famil |       |       |       |       |    12 |     1 ||    13
       Summon Ice Beast  |       |       |       |       |    15 |    55 ||    70
       Regeneration      |       |       |       |       |    13 |    18 ||    31
       Spectral Weapon   |       |       |       |       |       |     9 ||     9
Invok: Heroism           |       |       |     3 |     8 |    14 |     1 ||    26
       Finesse           |       |       |       |     2 |     8 |       ||    10
Evoke: Wand              |       |       |    12 |       |    33 |     5 ||    50
  Use: Scroll            |       |     5 |    10 |    13 |    13 |     3 ||    44
       Potion            |       |     1 |     3 |     3 |    14 |     4 ||    25
 Stab: Distracted        |       |       |       |       |     6 |     1 ||     7
  Eat: Chunk             |     3 |     4 |     9 |    13 |    36 |     3 ||    68
       Ration            |       |       |     1 |       |       |     1 ||     2
Armor: Skin              |    23 |    21 |    71 |    73 |   125 |    46 ||   359
Dodge: Dodged            |    67 |    87 |   110 |   146 |   464 |   156 ||  1030
Block: Shield            |   138 |   149 |   321 |   456 |  1564 |   432 ||  3060
       Reflection        |       |       |       |       |    11 |       ||    11
